 Dungeon Crawl Stone Soup version 0.25-a0-1007-g10a8c3caa8 (webtiles) character file.

Game seed: 8569003062337416709, levelgen mode: deterministic

211 MisterFreud the Slasher (level 5, -1/37 HPs)
             Began as an Octopode Gladiator on May 11, 2020.
             Slain by a worm (10 damage)
             ... on level 4 of the Dungeon.
             The game lasted 00:02:54 (3350 turns).

MisterFreud the Slasher (Octopode Gladiator)        Turns: 3350, Time: 00:02:55

Health: -1/37      AC:  1    Str: 13    XL:     5   Next: 88%
Magic:  5/5        EV: 14    Int: 11    God:
Gold:   227        SH:  0    Dex: 14    Spells: 4/4 levels left

rFire    . . .     SeeInvis .   a - +0 long sword
rCold    . . .     Gourm    .   (no shield)
rNeg     . . .     Faith    .   b - +0 hat
rPois    .         Spirit   .   (no amulet)
rElec    .         Reflect  .   (no ring)
rCorr    .         Harm     .   (no ring)
MR       .....                  (no ring)
Stlth    ++........             (no ring)
HPRegen  0.12/turn              (no ring)
MPRegen  0.09/turn              (no ring)
                                (no ring)
                                (no ring)

@: no status effects
A: almost no armour, stealthy swim, amphibious, 8 rings, constrict 8, camouflage
1, gelatinous body 1
a: no special abilities


You were on level 4 of the Dungeon.
You were hungry.

You visited 1 branch of the dungeon, and saw 4 of its levels.

You collected 227 gold pieces.

Inventory:

Hand Weapons
 a - a +0 long sword (weapon)
Missiles
 c - 3 throwing nets (quivered)
 g - 87 stones
 o - 4 javelins
 q - 15 poisoned darts
 v - 16 bolts
Armour
 b - a +0 hat (worn)
 k - a +0 kite shield
Scrolls
 e - a scroll of fear
 p - 4 scrolls of remove curse
 u - a scroll of amnesia {unknown}
Potions
 f - a potion of might
 h - a potion of stabbing
 j - a potion of haste
 l - a potion of magic
 n - 2 potions of curing
 r - a potion of ambrosia {unknown}
 s - a potion of resistance
 t - a potion of berserk rage {unknown}
 w - a potion of heal wounds {unknown}
Comestibles
 d - 6 rations
 i - 2 chunks of flesh


   Skills:
 - Level 4.0 Fighting
 + Level 5.3 Long Blades
 - Level 2.0 Throwing
 - Level 3.0 Dodging


You had 4 spell levels left.
You didn't know any spells.
Your spell library was empty.

Dungeon Overview and Level Annotations

Branches:
Dungeon (4/15)             Temple (0/1) D:4

Altars:
Zin


Innate Abilities, Weirdness & Mutations

You cannot wear most types of armour.
You are very stealthy in the water. (Stealth+)
You are amphibious.
You can wear up to eight rings at the same time.
You can use your tentacles to constrict eight enemies at once.
Your skin changes colour to match your surroundings (Stealth+).
Your rubbery body absorbs attacks. (AC +1, EV +1)


Message History

The orc barely misses you.
You slash the orc!
You kill the orc!
The orc wizard gestures wildly while chanting.
The orc wizard blinks!
You hit the orc. You grab the orc. You squeeze the orc.
You kill the orc!
The orc priest mumbles some strange prayers to Beogh against you.
Beogh smites you! The worm bites you!
* * * LOW HITPOINT WARNING * * *
Unknown command.
It was a potion of curing.
You feel better. The worm bites you.
* * * LOW HITPOINT WARNING * * *
You hit the worm but do no damage. You grab the worm. You constrict the worm.
The worm barely misses you.
You riposte.
You slash the worm!
The worm is moderately wounded.
You hit the worm.
The worm is severely wounded.
You constrict the worm. The worm bites you!
You die...

,* **#.*...,,,,,,,,,,,* ***, ,*
##†#.##.#******,*** *****, ,*****
#.#†....# *,* *,,,,, ,,,,,*
*#<###### *#+## *,***, ,***,* #.#
*#...#* *,**,, ,,,,,* #.####
*#.....***,**,* ,,*,,* #.##.##
*#......,**,**,,
*,*..####.#...####o......,,*,**,,
,,!............w@wo......,,+,,,,,
,,...####.....####.......,,*,,,,,
,,,,,**#.....## *#......,*****,,
*,****#......#* *#..>..** *,* *,*
#......?* *#...#* *,* *,**
#......## *#+## *,* ,,,* ##....##
*,* *,* ,*,* ###.## *,* *,, *****
****** **,** ***


You could see 2 worms, an orc priest and an orc wizard.

Vanquished Creatures
  An orc priest (D:3)
  A hound (D:3)
  A worker ant (D:2)
  4 gnolls (D:2)
  2 adders
  3 leopard geckos
  5 orcs
  2 bats
  3 giant cockroaches
  7 hobgoblins
  9 jackals
  2 quokkas
  5 frilled lizards
  8 goblins
  8 kobolds
  3 rats (D:1)
64 creatures vanquished.

Notes
Turn   | Place    | Note
-------+----------+-------------------------------------------
     0 | D:1      | MisterFreud the Octopode Gladiator began the quest for the
                  | Orb.
     0 | D:1      | Reached XP level 1. HP: 14/14 MP: 1/1
   208 | D:1      | Reached XP level 2. HP: 20/20 MP: 2/2
  1015 | D:2      | Reached XP level 3. HP: 18/26 MP: 3/3
  1347 | D:2      | Reached XP level 4. HP: 18/33 MP: 4/4
  1742 | D:2      | Found a glowing silver altar of Zin.
  1767 | D:2      | Reached skill level 4 in Long Blades
  2295 | D:3      | Reached XP level 5. HP: 24/37 MP: 5/5
  2763 | D:3      | Reached skill level 5 in Long Blades
  3350 | D:4      | Slain by a worm

Illustrated notes

Levels and vault maps discovered:
D:1:      dpeg_arrival_tiny_a, layout_basic, minmay_pentomino_r4
D:2:      layout_basic, zin_academy, first_ration,
          chequers_serial_rivers_micro_b
D:3:      layout_basic
D:4:      layout_loops_corners, nicolae_overflow_hidden_temple,
          minmay_temple_entry_mini_moons, cheibrodos_sewer_entry_sluice

Skill      XL: |  1  2  3  4  5 |
---------------+----------------+-----
Fighting       | 3 4 |  4.0
Long Blades    | 4 5 |  5.3
Throwing       | |  2.0
Dodging        | |  3.0

Action                   |  1- 3 |  4- 6 || total
-------------------------+-------+-------++-------
Melee: Long sword        |    49 |    70 ||   119
       Constrict         |    13 |    23 ||    36
       Tentacles         |     6 |    18 ||    24
  Use: Scroll            |       |     8 ||     8
       Potion            |       |     2 ||     2
 Stab: Sleeping          |     3 |     7 ||    10
  Eat: Chunk             |     1 |     6 ||     7
Armor: Skin              |     6 |     3 ||     9
Dodge: Dodged            |    40 |    56 ||    96
       Rpst.: Long sword |     8 |    23 ||    31

Table legend:
 A = Non-vault XP
 B = Vault XP
 C = Vault XP percentage of total XP
 D = Non-vault monster count
 E = Vault monster count
 F = Vault count percentage of total count
                 A         B        C        D         E       F
            +---------+---------+-------+---------+---------+-------
      Total |     297 |       5 |   1.7 |      60 |       4 |   6.2
            +---------+---------+-------+---------+---------+-------
        D:1 |      18 |       5 |  21.7 |      11 |       4 |  26.7
        D:2 |     127 |       0 |   0.0 |      20 |       0 |   0.0
        D:3 |     136 |       0 |   0.0 |      22 |       0 |   0.0
        D:4 |      16 |       0 |   0.0 |       7 |       0 |   0.0
            +---------+---------+-------+---------+---------+-------
